 Dungeon Crawl Stone Soup version 0.31-a0-354-g827e0957a7 (webtiles) character file.

Game seed: 7107512686717339014

18 cforsyth the Caller (level 2, -4/22 HPs)
             Began as a Naga Summoner on July 23, 2023.
             Slain by a hobgoblin (5 damage)
             ... on level 1 of the Dungeon.
             The game lasted 00:01:29 (611 turns).

cforsyth the Caller (Naga Summoner)                  Turns: 611, Time: 00:01:29

Health: -4/22      AC:  1    Str: 10    XL:     2   Next: 70%
Magic:  1/5        EV:  9    Int: 15    God:
Gold:   11         SH:  0    Dex: 11    Spells: 3/6 levels left

rFire   . . .        d - +2 rapier (speed)
rCold   . . .        (no shield)
rNeg    . . .        a - +0 robe
rPois   +            (no helmet)
rElec   .            (no cloak)
rCorr   .            (no gloves)
SInv    +            (no barding)
Will    .....        (no amulet)
Stlth   ++           (no ring)
HPRegen 0.23/turn    (no ring)
MPRegen 0.09/turn

%: no passive effects
@: very slow
A: AC +0, large, see invisible, deformed body, poison resistance, slowness 2,
spit poison 1, naga tail 1
a: Spit Poison


You were on level 1 of the Dungeon.
You visited 1 branch of the dungeon, and saw 1 of its levels.

You collected 11 gold pieces.

Inventory:

Hand Weapons
 d - a +2 rapier of speed (weapon)
Armour
 a - a +0 robe (worn)
Scrolls
 c - a scroll of identify {unknown}
 e - a scroll of vulnerability {unknown}
Potions
 b - a potion of magic
 f - 3 potions of curing {unknown}


   Skills:
 - Level 1.5 Dodging
 - Level 3.0 Stealth
 + Level 2.5 Spellcasting
 + Level 4.3 Summonings


You had 3 spell levels left.
You knew the following spells:

 Your Spells              Type           Power      Damage    Failure   Level
a - Summon Small Mammal   Summ           60%        N/A       3%          1
b - Call Imp              Summ           30%        N/A       5%          2

Your spell library contained the following spells:

 Spells                   Type           Power      Damage    Failure   Level
 Call Canine Familiar     Summ           15%        N/A       11%         3
 Summon Guardian Golem    Hex/Summ       8%         N/A       26%         3
 Summon Lightning Spire   Summ/Air       8%         N/A       65%         4


Dungeon Overview and Level Annotations

Branches:
Dungeon (1/15)

Altars:


Innate Abilities, Weirdness & Mutations

Your serpentine skin is tough. (AC +0)
You have supernaturally acute eyesight. (SInv)
Armour fits poorly on your strangely shaped body.
Your system is resistant to poisons. (rPois)
You cover ground very slowly.
You can spit poison.
You have a snake-like lower body.


Message History

The ball python is poisoned.
You kill the ball python!
The dart slug launches a dart at you. The slug dart hits you.
Casting: Summon Small Mammal (safe; 3% risk of failure)
Confirm with . or Enter, or press ? or * to list all spells.
A tiny devil pulls itself out of the air.
The hobgoblin shouts!
The dart slug launches a dart at you. The slug dart hits you.
You miscast Summon Small Mammal.
You are very lightly contaminated with residual magic.
Nothing appears to happen.
Your cerulean imp hits the dart slug but does no damage.
The hobgoblin attacks as you move away! The hobgoblin hits you.
The quokka bites you.
Your cerulean imp hits the dart slug but does no damage.
The dart slug launches a dart at you. The slug dart hits your cerulean imp.
Your rat bites the hobgoblin but does no damage.
The hobgoblin barely misses you. The quokka attacks as you move away!
The quokka barely misses you.
Your cerulean imp hits the dart slug but does no damage.
Your rat bites the hobgoblin.
The quokka bites you.
* * * LOW HITPOINT WARNING * * *
Your cerulean imp hits the dart slug with a -3 spear.
The hobgoblin attacks as you move away! The hobgoblin barely misses you.
You have got your breath back.
Your cerulean imp hits the dart slug from afar with a -3 spear.
The hobgoblin barely misses you. The quokka barely misses you.
Your cerulean imp hits the dart slug from afar with a -3 spear.
The quokka bites you.
* * * LOW HITPOINT WARNING * * *
Your rat closely misses the hobgoblin.
The hobgoblin barely misses you.
Your magical contamination has completely faded away.
Your cerulean imp hits the dart slug with a -3 spear.
The dart slug dies!
Your rat bites the hobgoblin but does no damage.
The hobgoblin hits you.
You die...

#..# #.# #.
#.####..# #.
#.# #..# ##.
#.# #.# #..
###.###.####
#..
#..........#
#..
#..........#
#..
#...?......#
#..
#......@r..#
##.
#.......rg..#
#.
#.....5†....#
#.
#...........#
#.
#...[........#
#####.
#....$......##
#.....
##..........#
#.....
############
#..... ######


You could see a quokka, a hobgoblin (ally target), a friendly cerulean imp
(summoned) and a friendly rat (summoned).

Vanquished Creatures
  A ball python (D:1)
  2 goblins (D:1)
  2 kobolds (D:1)
  A rat (D:1)
6 creatures vanquished.

Vanquished Creatures (collateral kills)
  A dart slug (D:1)
  4 endoplasms (D:1)
  A goblin (D:1)
  A ball python (D:1)
  2 bats (D:1)
  3 rats (D:1)
12 creatures vanquished.

Grand Total: 18 creatures vanquished

Notes
Turn   | Place    | Note
-------+----------+-------------------------------------------
     0 | D:1      | cforsyth the Naga Summoner began the quest for the Orb.
     0 | D:1      | Reached XP level 1. HP: 15/15 MP: 3/3
   198 | D:1      | Reached XP level 2. HP: 19/22 MP: 1/5
   255 | D:1      | Learned a level 2 spell: Call Imp
   481 | D:1      | Found a faded altar of an unknown god.
   610 | D:1      | HP: 1/22 [quokka (5)]
   611 | D:1      | Slain by a hobgoblin

Illustrated notes

Levels and vault maps discovered:
D:1:      scummos_arrival_forest, layout_rooms,
          dreamdust_ecumenical_altar_grove, serial_curves, eino_curves_03,
          eino_curves_01

Action                     || total
---------------------------++-------
  Melee: Unarmed           ||     4
   Cast: Summon Small Mamm ||    17
         Call Imp          ||     3
Ability: Spit Poison       ||    10
 Armour: Robe              ||     1
  Dodge: Dodged            ||    13

Table legend: (Time is in decaauts)
 A = Elapsed time spent in this place.
 B = Non-inter-level travel time spent in this place.
 C = Inter-level travel time spent in this place.
 D = Time resting spent in this place.
 E = Time spent auto-exploring this place.
 F = Levels seen in this place.
 G = Mean time per level.
                   A        B        C        D        E       F      G
               +--------+--------+--------+--------+--------+-----+--------+
         Total |    744 |    744 |      0 |      0 |    599 |   1 |  744.0 |
       Dungeon |    744 |    744 |      0 |      0 |    599 |   1 |  744.0 |
               +--------+--------+--------+--------+--------+-----+--------+

Top non-repeatable levels by time:
     D:1: 744 daAuts
